 Dungeon Crawl Stone Soup version 0.21.1-1-g345015f (webtiles) character file.

732 snakesoul the Cudgeler (level 7, -6/46 HPs)
             Began as a Gargoyle Fighter on July 28, 2018.
             Mangled by an ogre
             ... wielding a +0 giant club
              (8 damage)
             ... on level 4 of the Dungeon.
             The game lasted 00:06:10 (3374 turns).

snakesoul the Cudgeler (Gargoyle Fighter)           Turns: 3374, Time: 00:06:11

Health: -6/46      AC: 15    Str: 25    XL:     7   Next: 73%
Magic:  7/7        EV:  8    Int: 14    God:
Gold:   228        SH: 10    Dex: 12    Spells: 6/6 levels left

rFire    + . .     SeeInvis .   n - +4 mace
rCold    . . .     Gourm    .   c - +0 shield
rNeg     + . .     Faith    .   A - +2 ring mail of Tiebyn {+Blink +Inv Dex+2}
rPois    ∞         Spirit   .   (no helmet)
rElec    +         Reflect  .   x - +2 cloak
rCorr    .         Harm     .   (no gloves)
MR       .....                  (no boots)
Stlth    +.........             m - amulet of regeneration
HPRegen  0.55/turn              p - +5 ring of intelligence
MPRegen  0.10/turn              v - ring of protection from fire

@: mighty
A: negative energy resistance 1, electricity resistance, unbreathing,
petrification resistance, rot immunity, AC +4
a: Evoke Blink, Evoke Invisibility


You were on level 4 of the Dungeon.
You were not hungry.

You visited 1 branch of the dungeon, and saw 4 of its levels.

You collected 228 gold pieces.

Inventory:

Hand Weapons
 n - a +4 mace (weapon)
 y - a +0 mace of protection
Armour
 b - a +0 scale mail
 c - a +0 shield (worn)
 x - a +2 cloak (worn)
 A - the +2 ring mail of Tiebyn (worn) {+Blink +Inv Dex+2}
   (You found it on level 4 of the Dungeon)

   It affects your dexterity (+2).
   It lets you turn invisible.
   It lets you blink.
Jewellery
 m - an amulet of regeneration (around neck)
 p - a +5 ring of intelligence (left hand)
 v - a ring of protection from fire (right hand)
Wands
 e - a wand of clouds (5)
 t - a wand of random effects (32)
Scrolls
 g - 4 scrolls of identify
 h - 6 scrolls of teleportation {unknown}
 i - 2 scrolls of remove curse
 k - a scroll of noise {unknown}
 l - a scroll of magic mapping {unknown}
 o - a scroll of enchant weapon {unknown}
 q - a scroll of amnesia {unknown}
 s - a scroll of immolation {unknown}
 u - a scroll of fear {unknown}
 w - a scroll of fog {unknown}
Potions
 j - a potion of agility {unknown}
 r - 2 potions of flight {unknown}
 z - a potion of haste
Comestibles
 a - a chunk of flesh
 f - 4 rations


   Skills:
 + Level 6.1 Fighting
 * Level 7.1 Maces & Flails
 - Level 3.2 Armour
 - Level 3.2 Shields


You had 6 spell levels left.
You didn't know any spells.

Dungeon Overview and Level Annotations

Branches:
Dungeon (4/15)
 Temple: D:4-7

Altars:
Cheibriados
Qazlal
Wu Jian
Zin


Innate Abilities, Weirdness & Mutations

You are resistant to torment.
Your stone body is resilient. (AC +4)
You are immune to poison.
You resist negative energy. (rN+)
You are resistant to electric shocks. (rElec)
You can survive without breathing.
You are immune to petrification.
You are immune to rotting.


Message History

You hit the ogre.
The ogre is moderately wounded.
The ogre hits you with a giant club!
You are too injured to fight recklessly!
You are too injured to fight recklessly!
You are too injured to fight recklessly!
You are too injured to fight recklessly!
You barely miss the ogre.
The ogre is moderately wounded.
The ogre hits you with a giant club!!
Ouch! That really hurt!
* * * LOW HITPOINT WARNING * * *
You barely miss the ogre.
The ogre is moderately wounded.
You feel very mighty all of a sudden. The ogre barely misses you.
You thump the ogre!
The ogre is severely wounded.
The ogre hits you with a giant club!
You die...

#............ ...#..........####
#......##.........#.)..##.....# #
..##...#.............###....#.###
.##.##.#.........#...####..##..##
##... .............#..###..###.##
###.. ............ #......## #..#
..##.#...#.......##.#.....# ##..
#..##...# #.%.....##..##.# #..
##......####...O@..#....#... #..
###......##......#..............
#..###...................#....
#<## ###...............##....
.....# #.....#........##.....
.###.# #........####......... ##.
#......... ...## . ...........
...# #. ......##.


You could see an ogre.

Vanquished Creatures
  Sigmund (D:4)
  An ogre (D:4)
  A howler monkey (D:4)
  2 orc priests
  A centaur skeleton (D:4)
  A hound (D:4)
  Crazy Yiuf (D:3)
  Ijyb (D:3)
  Natasha (D:3)
  2 worker ants (D:4)
  7 gnolls (D:2)
  3 adders (D:2)
  An ooze (D:1)
  An adder skeleton (D:4)
  A worm (D:2)
  3 dart slugs
  A leopard gecko (D:2)
  11 orcs
  6 giant cockroaches
  2 goblins
  12 hobgoblins
  4 jackals (D:1)
  4 quokkas
  7 bats
  11 frilled lizards
  9 kobolds
  8 rats
  A fungus (D:3)
104 creatures vanquished.

Notes
Turn   | Place    | Note
-------+----------+-------------------------------------------
     0 | D:1      | snakesoul the Gargoyle Fighter began the quest for the Orb.
     0 | D:1      | Reached XP level 1. HP: 14/14 MP: 1/1
   121 | D:1      | Reached XP level 2. HP: 3/19 MP: 2/2
   799 | D:1      | Reached skill level 3 in Maces & Flails
   815 | D:1      | Reached XP level 3. HP: 21/24 MP: 3/3
  1276 | D:2      | Reached XP level 4. HP: 29/29 MP: 4/4
  1301 | D:2      | Reached skill level 4 in Maces & Flails
  1353 | D:2      | Reached XP level 5. HP: 34/34 MP: 5/5
  1826 | D:2      | Found a stormy altar of Qazlal.
  2018 | D:3      | Noticed Natasha
  2022 | D:3      | Killed Natasha
  2179 | D:3      | Noticed Ijyb
  2201 | D:3      | Killed Ijyb
  2201 | D:3      | Reached skill level 5 in Maces & Flails
  2201 | D:3      | Reached XP level 6. HP: 40/40 MP: 6/6
  2413 | D:3      | Reached skill level 5 in Fighting
  2719 | D:3      | Found a runed door.
  2723 | D:3      | Noticed Crazy Yiuf
  2731 | D:3      | Killed Crazy Yiuf
  2867 | D:4      | Got an ancient ring mail
  2869 | D:4      | Identified the +2 ring mail of Tiebyn {+Blink +Inv Dex+2} (You found it on level 4 of the Dungeon)
  3056 | D:4      | Reached skill level 6 in Maces & Flails
  3056 | D:4      | Reached XP level 7. HP: 44/44 MP: 7/7
  3180 | D:4      | Found an ornate altar of the Wu Jian Council.
  3185 | D:4      | Noticed Sigmund
  3200 | D:4      | Killed Sigmund
  3228 | D:4      | Found a glowing silver altar of Zin.
  3317 | D:4      | Reached skill level 7 in Maces & Flails
  3365 | D:4      | Found a snail-covered altar of Cheibriados.
  3371 | D:4      | HP: 1/46 [ogre/giant club (23)]
  3374 | D:4      | Mangled by an ogre

Skill      XL: |  1  2  3  4  5  6  7 |
---------------+----------------------+-----
Maces & Flails | 3 4 5 6 7 |  7.1
Fighting       | 4 5 6 |  6.1
Armour         | |  3.2
Shields        | |  3.2

Action                   |  1- 3 |  4- 6 |  7- 9 || total
-------------------------+-------+-------+-------++-------
Melee: Flail             |   120 |   199 |       ||   319
       Mace              |       |    24 |    53 ||    77
  Use: Scroll            |       |     5 |       ||     5
       Potion            |       |       |     1 ||     1
  Eat: Chunk             |     1 |     6 |     2 ||     9
Armor: Scale mail        |   101 |    98 |       ||   199
       Ring mail         |       |     6 |    18 ||    24
Dodge: Dodged            |    69 |    62 |    12 ||   143
Block: Shield            |    98 |   103 |     8 ||   209
